 Dungeon Crawl Stone Soup version 0.29-a0-557-g43b9904bd1 (webtiles) character file.

Game seed: 8124755585570689454

143 Lancel07 the Chopper (level 5, 0/47 HPs)
             Began as a Hill Orc Monk on June 9, 2022.
             Slain by Grinder (1 damage)
             ... on level 3 of the Dungeon.
             The game lasted 00:05:29 (3158 turns).

Lancel07 the Chopper (Hill Orc Monk)                Turns: 3158, Time: 00:05:29

Health: 0/47       AC: 12    Str: 16    XL:     5   Next: 25%
Magic:  5/5        EV:  7    Int: 10    God:
Gold:   200        SH:  0    Dex: 13    Spells: 4/4 levels left

rFire   + . .      SeeInvis .   a - +0 hand axe
rCold   + . .      Faith    .   (no shield)
rNeg    + . .      Spirit   .   r - +4 chain mail {rN+}
rPois   +          Reflect  .   (no helmet)
rElec   +          Harm     .   (no cloak)
rCorr   +          Rampage  .   (no gloves)
Will    .....                   (no boots)
Stlth   ..........              (no amulet)
HPRegen 0.15/turn               (no ring)
MPRegen 0.09/turn               (no ring)

@: mighty, brilliant, resistant
A: no striking features
a: no special abilities


You were on level 3 of the Dungeon.
You visited 1 branch of the dungeon, and saw 3 of its levels.

You collected 200 gold pieces.

Inventory:

Hand Weapons
 a - a +0 hand axe (weapon)
Armour
 r - a +4 chain mail of positive energy (worn)
Jewellery
 s - a ring of wizardry
Wands
 d - a wand of digging (3)
Scrolls
 b - a scroll of enchant weapon {unknown}
 c - 3 scrolls of identify {unknown}
 e - 3 scrolls of fog {unknown}
 f - 4 scrolls of teleportation {unknown}
 g - a scroll of amnesia {unknown}
 h - 3 scrolls of fear {unknown}
 l - a scroll of magic mapping {unknown}
Potions
 m - a potion of degeneration {unknown}
 n - a potion of lignification {unknown}
 o - a potion of brilliance
 p - a potion of cancellation {unknown}
 q - a potion of flight {unknown}
 t - a potion of attraction {unknown}


   Skills:
 + Level 4.5 Fighting
 + Level 5.6 Axes
 + Level 1.9 Armour
 + Level 3.1 Dodging
 - Level 1.5 Stealth


You had 4 spell levels left.
You didn't know any spells.
Your spell library contained the following spells:

 Spells                   Type           Power      Damage    Failure   Level
 Shock                    Conj/Air       0%         1d3       100%        1
 Inner Flame              Hex/Fire       0%         N/A       100%        3
 Cause Fear               Hex            0%         N/A       100%        4
 Discord                  Hex            0%         N/A       100%        8


Dungeon Overview and Level Annotations

Branches:
Dungeon (3/15)

Altars:
Trog

Annotations:
D:3 Grinder


Message History

Grinder hits you. Grinder hits you but does no damage.
You hit Grinder but do no damage.
Grinder is heavily wounded.
Grinder hits you!
* * * LOW HITPOINT WARNING * * *
You writhe in agony.
* * * LOW HITPOINT WARNING * * *
You closely miss Grinder.
Grinder is heavily wounded.
Grinder barely misses you. Grinder hits you.
* * * LOW HITPOINT WARNING * * *
You writhe in agony.
* * * LOW HITPOINT WARNING * * *
You hit Grinder but do no damage.
Grinder is heavily wounded.
Grinder gestures at you. You resist with significant effort.
You hit Grinder.
Grinder is heavily wounded.
Grinder hits you but does no damage. x2
You closely miss Grinder.
Grinder is heavily wounded.
Grinder hits you.
* * * LOW HITPOINT WARNING * * *
You writhe in agony.
* * * LOW HITPOINT WARNING * * *
It was a potion of might.
You feel very mighty all of a sudden. Grinder hits you but does no damage.
Grinder gestures at you. You resist with significant effort.
You barely miss Grinder.
Grinder is heavily wounded.
Grinder hits you but does no damage.
You barely miss Grinder.
Grinder is heavily wounded.
Grinder hits you.
* * * LOW HITPOINT WARNING * * *
You writhe in agony.
You die...

.##.## #...#.............# ##.#
.##..#####.#.##.##.#########..###
................................)
.................................
≈≈≈...≈≈≈...≈.....≈≈≈.≈≈≈≈≈.≈≈.≈≈
≈≈≈≈≈≈≈≈≈≈≈≈(≈....≈≈≈≈≈≈≈≈≈≈≈≈≈≈≈
≈≈≈≈≈≈≈≈≈≈≈≈≈≈.....≈≈≈≈≈≈≈≈≈≈≈≈≈≈
≈≈≈≈≈≈≈≈≈≈≈≈≈≈.....≈≈≈≈≈≈≈≈≈≈≈≈≈≈
###############5@################
#....#......)#......
#....#......)'......
##..).#########......
#......#..........###
+..[...)..........#
#..((..#..........###
##....#########).....
#....#......))......


You could see Grinder (fast).

Vanquished Creatures
  Ijyb (D:3)
  3 gnolls (D:3)
  An adder (D:2)
  A worm (D:2)
  3 dart slugs
  4 bats
  5 endoplasms
  2 giant cockroaches
  5 goblins
  5 hobgoblins
  5 jackals
  A quokka (D:1)
  6 ball pythons
  A frilled lizard (D:1)
  22 kobolds
  6 rats
71 creatures vanquished.

Vanquished Creatures (others)
  2 fungi (D:2)
  4 plants (D:2)
6 creatures vanquished.

Grand Total: 77 creatures vanquished

Notes
Turn   | Place    | Note
-------+----------+-------------------------------------------
     0 | D:1      | Lancel07 the Hill Orc Monk began the quest for the Orb.
     0 | D:1      | Reached XP level 1. HP: 19/19 MP: 1/1
   177 | D:1      | Reached XP level 2. HP: 24/27 MP: 2/2
   630 | D:1      | Reached XP level 3. HP: 10/33 MP: 3/3
  1164 | D:2      | Found a bloodstained altar of Trog.
  1644 | D:2      | Reached skill level 5 in Axes
  1814 | D:2      | Found a faded altar of an unknown god.
  1822 | D:2      | Got Plato's Handbook of Feathers
  1910 | D:2      | Reached XP level 4. HP: 40/40 MP: 4/4
  2262 | D:3      | Noticed Ijyb
  2332 | D:3      | Killed Ijyb
  2333 | D:3      | Reached skill level 1 in Armour
  2901 | D:3      | Reached XP level 5. HP: 35/47 MP: 5/5
  3080 | D:3      | Noticed Grinder
  3115 | D:3      | Paralysed by Grinder for 3 turns
  3146 | D:3      | Paralysed by Grinder for 3 turns
  3155 | D:3      | HP: 2/47 [Grinder (2)]
  3158 | D:3      | Slain by Grinder

Illustrated notes

Levels and vault maps discovered:
D:1:      co_arrival_square_in_a_square_in_a_square, layout_rooms,
          minmay_strange_pillars
D:2:      layout_basic, shapermc_ecumenical_altar_rom_forum, basic_altar,
          minmay_circle_x
D:3:      minmay_goblin_kobold_castle, layout_loops_ring, uniq_grinder,
          uniq_ijyb

Skill      XL: |  1  2  3  4 |
---------------+-------------+-----
Fighting       | 4 |  4.5
Axes           | 5 |  5.6
Dodging        | 3 |  3.1
Armour         | 1 |  1.9
Stealth        | |  1.5

Action                   |  1- 3 |  4- 6 || total
-------------------------+-------+-------++-------
Melee: Hand axe          |   141 |   150 ||   291
       Punch             |       |     1 ||     1
  Use: Potion            |     2 |     7 ||     9
 Stab: Sleeping          |     1 |       ||     1
Armor: Robe              |    22 |       ||    22
       Scale mail        |    22 |    14 ||    36
       Chain mail        |       |    63 ||    63
Dodge: Dodged            |   127 |    60 ||   187

Table legend: (Time is in decaauts)
 A = Elapsed time spent in this place.
 B = Non-inter-level travel time spent in this place.
 C = Inter-level travel time spent in this place.
 D = Time resting spent in this place.
 E = Time spent auto-exploring this place.
 F = Levels seen in this place.
 G = Mean time per level.
                   A        B        C        D        E       F      G
               +--------+--------+--------+--------+--------+-----+--------+
         Total |   3172 |   3172 |      0 |      0 |   2396 |   3 | 1057.3 |
       Dungeon |   3172 |   3172 |      0 |      0 |   2396 |   3 | 1057.3 |
               +--------+--------+--------+--------+--------+-----+--------+

Top non-repeatable levels by time:
     D:3: 1089 daAuts
     D:1: 1072 daAuts
     D:2: 1010 daAuts
